 Dungeon Crawl Stone Soup version 0.29-a0-1008-g949cc1d0fb (webtiles) character file.

Game seed: 7624961521569918553

74 Manisian the Caller (level 4, -2/24 HPs)
             Began as a Deep Elf Summoner on Aug 7, 2022.
             Slain by Pargi (6 damage)
             ... on level 3 of the Dungeon on Aug 8, 2022.
             The game lasted 00:09:21 (2867 turns).

Manisian the Caller (Deep Elf Summoner)             Turns: 2867, Time: 00:09:22

Health: -2/24      AC:  2    Str:  5    XL:     4   Next: 10%
Magic:  12/12      EV: 12    Int: 22    God:
Gold:   81         SH:  0    Dex: 15    Spells: 2/11 levels left

rFire   . . .      SeeInvis .   (no weapon)
rCold   . . .      Faith    .   (no shield)
rNeg    . . .      Spirit   .   a - +0 robe
rPois   .          Reflect  .   (no helmet)
rElec   .          Harm     .   (no cloak)
rCorr   .          Rampage  .   (no gloves)
Will    .....                   (no boots)
Stlth   ++........              (no amulet)
HPRegen 0.08/turn               (no ring)
MPRegen 0.13/turn               (no ring)

@: no status effects
A: no striking features
a: no special abilities


You were on level 3 of the Dungeon.
You visited 1 branch of the dungeon, and saw 3 of its levels.

You collected 81 gold pieces.

Inventory:

Armour
 a - a +0 robe (worn)
Scrolls
 h - a scroll of amnesia
Potions
 b - a potion of magic
 c - a potion of haste
 d - 2 potions of brilliance {unknown}
 e - 4 potions of mutation {unknown}
 f - a potion of curing {unknown}


   Skills:
 + Level 2.6 Dodging
 + Level 2.6 Stealth
 + Level 4.4 Spellcasting
 + Level 5.4 Summonings


You had 2 spell levels left.
You knew the following spells:

 Your Spells              Type           Power      Damage    Failure   Level
a - Summon Small Mammal   Summ           100%       N/A       1%          1
b - Call Imp              Summ           28%        N/A       1%          2
c - Call Canine Familiar  Summ           28%        N/A       3%          3
d - Summon Guardian Gole  Hex/Summ       16%        N/A       11%         3

Your spell library contained the following spells:

 Spells                   Type           Power      Damage    Failure   Level
 Summon Lightning Spire   Summ/Air       16%        N/A       34%         4


Dungeon Overview and Level Annotations

Branches:
Dungeon (3/15)

Altars:
Vehumet

Shops:
D:1 ***

Annotations:
D:3 Pargi, Sigmund


Message History

Pargi bites your guardian golem. Pargi claws your guardian golem.
Pargi claws your guardian golem but does no damage.
Your quokka bites Pargi.
Pargi bites your guardian golem but does no damage.
Pargi claws your guardian golem but does no damage.
Pargi barely misses your guardian golem.
The endoplasm hits you but does no damage.
Your quokka barely misses Pargi.
Pargi bites your guardian golem but does no damage.
Pargi claws your guardian golem but does no damage. x2
The endoplasm freezes you.
You are frozen.
Your quokka misses Pargi. You hit the endoplasm but do no damage.
Pargi bites your guardian golem!
Pargi claws your guardian golem but does no damage. x2
The endoplasm freezes you.
You are frozen.
Your quokka bites Pargi.
You hit the endoplasm.
The endoplasm is moderately wounded.
Your quokka disappears in a puff of smoke!
Pargi bites your guardian golem. Pargi claws your guardian golem.
Pargi barely misses your guardian golem.
The endoplasm barely misses you.
Your guardian golem overheats!
The endoplasm attacks as you move away! The endoplasm closely misses you.
Pargi bites your guardian golem but does no damage.
Pargi claws your guardian golem but does no damage. x2
The endoplasm hits you. The endoplasm misses you. Pargi barely misses you.
Pargi claws you. Pargi completely misses you. Pargi barely misses you.
Pargi claws you. Pargi barely misses you.
The endoplasm attacks as you move away! The endoplasm hits you.
Pargi attacks as you move away! Pargi bites you!
* * * LOW HITPOINT WARNING * * *
Pargi barely misses you. Pargi misses you. Pargi attacks as you move away!
Pargi closely misses you. Pargi claws you but does no damage. Pargi claws you.
* * * LOW HITPOINT WARNING * * *
Your guardian golem disappears in a puff of smoke!
Pargi attacks as you move away! Pargi bites you.
You die...

........... #.#.### #....##....
#.#..<# #....##....#+####...###
.. ###.....#.............# ...
.........#...........#
...####.....#.#...........#
............#.#....######## .##
............#.#....######## ..
.../.......T@.#...........#
.##..........§.J.##...........#
.....##..........##...........#
..... #.........).#...........#
..... #.........#.#......######
..... #..............†...#####
...# #########..............#
...# #..............# ...#
##..............#


You could see Pargi and an endoplasm.

Vanquished Creatures
  A kobold (D:1)
  A ball python (D:2)
2 creatures vanquished.

Vanquished Creatures (collateral kills)
  2 worms (D:2)
  A dart slug (D:1)
  7 ball pythons
  A bat (D:1)
  7 endoplasms
  2 giant cockroaches (D:2)
  5 goblins
  8 hobgoblins
  2 jackals (D:1)
  3 quokkas
  11 frilled lizards
  5 kobolds
  5 rats
59 creatures vanquished.

Grand Total: 61 creatures vanquished

Notes
Turn   | Place    | Note
-------+----------+-------------------------------------------
     0 | D:1      | Manisian the Deep Elf Summoner began the quest for the Orb.
     0 | D:1      | Reached XP level 1. HP: 10/10 MP: 6/6
   307 | D:1      | Found Jomier's Assorted Antiques.
   346 | D:1      | Reached XP level 2. HP: 11/15 MP: 5/8
   534 | D:1      | Found Muot's General Store.
   576 | D:1      | Reached skill level 5 in Summonings
   726 | D:1      | Learned a level 2 spell: Call Imp
   964 | D:1      | Reached XP level 3. HP: 18/19 MP: 3/10
  1120 | D:1      | Found a faded altar of an unknown god.
  1170 | D:1      | Found Nur Suy's Assorted Antiques.
  1623 | D:1      | Learned a level 3 spell: Call Canine Familiar
  2376 | D:2      | Reached XP level 4. HP: 24/24 MP: 12/12
  2380 | D:2      | Learned a level 3 spell: Summon Guardian Golem
  2665 | D:3      | Noticed Pargi
  2803 | D:3      | Found a radiant altar of Vehumet.
  2804 | D:3      | Noticed Sigmund
  2867 | D:3      | Slain by Pargi

Illustrated notes

Levels and vault maps discovered:
D:1:      dpeg_arrival_arbitrary_c, layout_basic,
          chequers_ecumenical_altar_simple, serial_shops, nicolae_square_shop,
          nicolae_shop_statue_plus, nicolae_diamond_shop, serial_park_tiny_2,
          grunt_decor_resistance, minmay_lizard_pond
D:2:      layout_loops_ring
D:3:      layout_basic, general_overflow_altar, serial_shops,
          nicolae_shop_statue_plus, nicolae_lakefront_shop, shop, shop,
          uniq_ijyb, uniq_sigmund, uniq_pargi

Skill      XL: |  1  2  3 |
---------------+----------+-----
Summonings     | 5 |  5.4
Spellcasting   | 4 |  4.4
Dodging        | |  2.6
Stealth        | |  2.6

Action                   |  1- 3 |  4- 6 || total
-------------------------+-------+-------++-------
Melee: Unarmed           |     4 |     2 ||     6
 Cast: Summon Small Mamm |    56 |     2 ||    58
       Call Imp          |    12 |     1 ||    13
       Call Canine Famil |     3 |       ||     3
       Summon Guardian G |       |     1 ||     1
  Use: Scroll            |     6 |       ||     6
Armor: Robe              |     4 |     2 ||     6
Dodge: Dodged            |    31 |    12 ||    43

Table legend: (Time is in decaauts)
 A = Elapsed time spent in this place.
 B = Non-inter-level travel time spent in this place.
 C = Inter-level travel time spent in this place.
 D = Time resting spent in this place.
 E = Time spent auto-exploring this place.
 F = Levels seen in this place.
 G = Mean time per level.
                   A        B        C        D        E       F      G
               +--------+--------+--------+--------+--------+-----+--------+
         Total |   2867 |   2749 |    118 |      0 |   2135 |   3 |  955.7 |
       Dungeon |   2867 |   2749 |    118 |      0 |   2135 |   3 |  955.7 |
               +--------+--------+--------+--------+--------+-----+--------+

Top non-repeatable levels by time:
     D:1: 1811 daAuts
     D:2: 923 daAuts
     D:3: 132 daAuts
